 Dungeon Crawl Stone Soup version 0.24-a0-769-g368c1644f8 (webtiles) character file.

Game seed: 76978464679201929, levelgen mode: deterministic

32958 Johnny the Geomancer (level 13, -8/94 HPs)
             Began as a Demigod Earth Elementalist on Oct 5, 2019.
             Mangled by a meliai simulacrum (19 damage)
             ... on level 14 of the Dungeon.
             The game lasted 00:23:43 (12833 turns).

Johnny the Geomancer (Demigod Earth Elementalist)  Turns: 12833, Time: 00:23:43

Health: -8/94      AC:  9    Str: 11    XL:     13   Next: 5%
Magic:  6/40       EV: 17    Int: 29    God:
Gold:   327        SH:  0    Dex: 16    Spells: 19/32 levels left

rFire    . . .     SeeInvis .   C - +4 spear (freeze)
rCold    . . .     Gourm    .   (no shield)
rNeg     + . .     Faith    .   a - +3 troll leather armour {Purgy}
rPois    .         Spirit   .   (no helmet)
rElec    .         Reflect  .   (no cloak)
rCorr    .         Harm     +   (no gloves)
MR       +....                  i - +1 pair of boots
Stlth    ++........             B - amulet of harm
HPRegen  0.65/turn              w - ring of positive energy
MPRegen  0.27/turn              p - ring of magical power

@: no status effects
A: clever 1, frail 1, high mp 1, sense surroundings 1
a: no special abilities


You were on level 14 of the Dungeon.
You were very hungry.

You visited 1 branch of the dungeon, and saw 14 of its levels.

You collected 819 gold pieces.
You spent 492 gold pieces at shops.

Inventory:

Hand Weapons
 C - a +4 spear of freezing (weapon)
Missiles
 j - 93 stones (quivered)
Armour
 a - a +3 troll leather armour (worn) {Purgy}
 i - a +1 pair of boots (worn)
 k - the +4 robe of Responsibility {+Fly rCorr}
   (You bought it in a shop on level 9 of the Dungeon)

   It lets you fly.
   It provides partial protection from all sources of acid and corrosion.
 r - the +2 leather armour of Follow the Leader {rElec Str+2}
   (You bought it in a shop on level 9 of the Dungeon)

   It affects your strength (+2).
   It insulates you from electricity.
 x - a +0 robe of cold resistance
Jewellery
 p - a ring of magical power (right hand)
 w - a ring of positive energy (left hand)
 z - the ring "Sudos" {Ice rElec Str+3}
   (You found it on level 8 of the Dungeon)

   [ring of ice]

   It enhances your ice magic.
   It affects your strength (+3).
   It makes you vulnerable to fire.
   It protects you from cold.
   It insulates you from electricity.
 B - an amulet of harm (around neck)
 E - an uncursed ring of protection from fire
 F - an uncursed amulet of regeneration
Wands
 v - a wand of iceblast (21)
 G - a wand of enslavement (1)
 J - a wand of digging (5)
Scrolls
 f - 3 scrolls of amnesia
 g - 2 scrolls of magic mapping
 n - 4 scrolls of teleportation
 o - 11 scrolls of remove curse
 q - a scroll of fear {unknown}
 t - 2 scrolls of blinking {unknown}
 u - 3 scrolls of fog
 y - 4 scrolls of enchant weapon {unknown}
 A - a scroll of identify
Potions
 b - 2 potions of haste
 c - a potion of degeneration
 e - a potion of magic {unknown}
 h - 5 potions of agility
 l - a potion of might
 m - 3 potions of invisibility
 s - 3 potions of curing
 D - 2 potions of lignification {unknown}
 H - 2 potions of cancellation
Comestibles
 d - 28 rations


   Skills:
 - Level 7.4 Fighting
 + Level 7.8 Dodging
 - Level 1.7 Stealth
 + Level 10.0 Spellcasting
 - Level 0.8 Transmutations
 * Level 14.6 Earth Magic


You had 19 spell levels left.
You knew the following spells:

 Your Spells              Type           Power        Failure   Level  Hunger
a - Sandblast             Erth           ######       0%          1    None
b - Stone Arrow           Conj/Erth      ######       1%          3    None
c - Lee's Rapid Deconstr  Erth           #######...   1%          5    ###....
d - Petrify               Tmut/Erth      ######..     1%          4    None

Your spell library contained the following spells:

 Spells                   Type           Power        Failure   Level  Hunger
 Passwall                 Tmut/Erth      ######..     1%          2    None
 Borgnjor's Vile Clutch   Necr/Erth      ######....   7%          5    ###....
 Ensorcelled Hibernation  Hex/Ice        ##....       8%          2    None
 Silence                  Hex/Air        ##........   80%         5    ###....
 Darkness                 Hex            ##........   100%        6    #####..
 Shadow Creatures         Summ           N/A          100%        6    #####..


Dungeon Overview and Level Annotations

Branches:
Dungeon (14/15)            Temple (0/1) D:4            Lair (0/6) D:9
    Orc (0/2) D:11         Vaults (0/5) D:13

Shops:
D:5 [:   D:9 [   D:12 [


Innate Abilities, Weirdness & Mutations

You have an increased reservoir of magic. (+10% MP)
Your mind is acute. (Int +2)
You are frail. (-10% HP)
You passively map a small area around you.


Message History

The blast of rock fragments hits the cyan ugly thing!!
The cyan ugly thing is almost dead.
Unknown command.
Casting: Lee's Rapid Deconstruction (safe; 1% risk of failure)
Confirm with . or Enter, or press ? or * to list all spells.
Aiming: Lee's Rapid Deconstruction (safe; 1% risk of failure)
Press: ? - help, Dir - move target cursor A rock wall.
The wall shatters!
The blast of rock fragments hits the red ugly thing!!!
You kill the red ugly thing!
The meliai simulacrum hits you. The meliai simulacrum freezes you!!
The meliai simulacrum hits you. The meliai simulacrum freezes you!
The cyan ugly thing headbutts you. The cyan ugly thing shocks you!
The meliai simulacrum hits you. The meliai simulacrum freezes you!
* * * LOW HITPOINT WARNING * * *
The meliai simulacrum hits you.
* * * LOW HITPOINT WARNING * * *
The meliai simulacrum freezes you!
You die...

.....#..# , *###*
.....#..##
##.######.
..<..'...#
#.......uu, ,
##..######,.#......u
, ##..##..##..#....#
, ,
............#....# ,
**
........##+####.†# ,
##..##..##..###.u#*
#..##..##......@#, ,
+ ,
#....#...#.<....Z#
,, * *
#....#..###'###..#*
* ###.##..##...##..#
, ,
#.##..##......... ,
,
,,#..^...'..........
,,
#.....##...###+##..
* + , #.########## *
## #.* * , , ,


You could see a cyan ugly thing and a meliai simulacrum.

Vanquished Creatures
  Rupert (D:13)
  Fannar (D:10)
  A centaur warrior (D:13)
  A death knight (D:12)
  6 two-headed ogres
  Urug (D:13)
  Sonja (D:13)
  3 unseen horrors
  A phantasmal warrior (D:12)
  7 ugly things
  3 deep elf magi
  The ghost of Kae the Firebug, a novice OpFE (D:4)
  A manticore (D:13)
  A cyclops (D:12)
  2 centaur zombies (D:11)
  A gargoyle (D:12)
  An efreet (D:13)
  A freezing wraith (D:12)
  A queen bee (D:9)
  2 trolls
  A hornet (D:13)
  5 hippogriffs
  4 slime creatures (D:13)
  Sigmund (D:4)
  A shadow (D:11)
  2 wraiths (D:12)
  A basilisk (D:12)
  12 yaks
  16 humans (D:13)
  A hungry ghost (D:10)
  6 vampire mosquitoes
  Menkaure (D:4)
  Edmund (D:4)
  A soldier ant (D:13)
  4 porcupines (D:9)
  Purgy (D:3)
  An ice beast (D:3)
  2 sky beasts
  4 orc warriors
  A necrophage (D:6)
  2 black bears
  2 phantoms
  5 ogres
  10 centaurs
  2 big kobolds
  9 bullfrogs
  A gnoll sergeant (D:10)
  Blork the orc (D:5)
  A water moccasin zombie (D:12)
  5 scorpions
  A water moccasin skeleton (D:4)
  28 killer bees
  4 wights (D:11)
  A vampire bat (D:5)
  4 howler monkeys
  An electric eel (D:11)
  2 crimson imps (D:8)
  A bullfrog zombie (D:11)
  6 orc priests
  5 hounds
  A bullfrog skeleton (D:8)
  A centaur skeleton (D:12)
  7 jellies
  Ijyb (D:5)
  A gnoll shaman (D:9)
  Terence (D:2)
  3 iguanas
  10 orc wizards
  8 worker ants
  2 killer bee zombies
  A hound zombie (D:7)
  A hound skeleton (D:8)
  2 worker ant zombies
  16 adders
  8 gnolls
  2 shadow imps
  An ooze (D:1)
  An adder zombie (D:9)
  2 worms
  2 dart slugs (D:1)
  3 fire bats (D:5)
  3 leopard geckos
  29 orcs
  2 spectral bats (D:5)
  3 bat skeletons (D:5)
  A bat zombie (D:5)
  4 giant cockroaches
  7 goblins
  3 hobgoblins
  10 jackals
  7 quokkas
  A ball python (D:4)
  20 bats
  A bat simulacrum (D:5)
  10 frilled lizards
  15 kobolds
  2 leopard gecko skeletons
  A quokka skeleton (D:5)
  9 rats
396 creatures vanquished.

Vanquished Creatures (collateral kills)
  An ice beast (D:13)
1 creature vanquished.

Vanquished Creatures (others)
  A human (D:3)
  39 fungi (D:9)
  11 plants (D:9)
51 creatures vanquished.

Grand Total: 448 creatures vanquished

Notes
Turn   | Place    | Note
-------+----------+-------------------------------------------
     0 | D:1      | Johnny the Demigod Earth Elementalist began the quest for
                  | the Orb.
     0 | D:1      | Reached XP level 1. HP: 14/14 MP: 5/5
    78 | D:1      | Reached skill level 3 in Earth Magic
   109 | D:1      | Reached XP level 2. HP: 10/22 MP: 0/7
   406 | D:1      | Reached skill level 1 in Fighting
   916 | D:1      | Reached XP level 3. HP: 28/28 MP: 8/8
  1689 | D:2      | Noticed Terence
  1698 | D:2      | Killed Terence
  1698 | D:2      | Reached XP level 4. HP: 33/35 MP: 2/10
  2193 | D:3      | Found an ancient bone altar of Kikubaaqudgha.
  2193 | D:3      | Noticed a human
  2198 | D:3      | Killed a human
  2304 | D:3      | Reached skill level 4 in Earth Magic
  2525 | D:3      | Noticed an ice beast
  2534 | D:3      | Killed an ice beast
  2534 | D:3      | Reached XP level 5. HP: 39/41 MP: 2/12
  2608 | D:3      | You fall into a shaft and drop 3 floors!
  2667 | D:6      | Noticed an orc warrior
  2720 | D:6      | Reached skill level 5 in Earth Magic
  2720 | D:6      | Reached XP level 6. HP: 44/50 MP: 9/13
  2809 | D:6      | Gained mutation: You are frail. (-10% HP) [potion of
                  | mutation]
  2809 | D:6      | Gained mutation: Your mind is acute. (Int +2) [potion of
                  | mutation]
  2809 | D:6      | Gained mutation: You passively map a small area around you.
                  | [potion of mutation]
  2821 | D:6      | Reached XP level 7. HP: 17/51 MP: 6/15
  3178 | D:6      | Reached skill level 6 in Earth Magic
  3409 | D:5      | Entered Level 5 of the Dungeon
  3476 | D:4      | Noticed Edmund
  3483 | D:4      | Noticed Sigmund
  3497 | D:4      | Found a transporter.
  3497 | D:4      | Noticed Kae's ghost (novice OpFE)
  3504 | D:4      | Found a transporter.
  3648 | D:4      | Noticed Menkaure
  3650 | D:4      | Killed Menkaure
  3805 | D:4      | Killed Sigmund
  3874 | D:4      | Killed Edmund
  3874 | D:4      | Reached skill level 7 in Earth Magic
  3874 | D:4      | Reached XP level 8. HP: 60/60 MP: 16/18
  3956 | D:4      | Found a staircase to the Ecumenical Temple.
  4441 | D:3      | Noticed Purgy
  4449 | D:3      | Killed Purgy
  4659 | D:4      | Learned a level 3 spell: Stone Arrow
  4665 | D:4      | Learned a level 5 spell: Lee's Rapid Deconstruction
  4703 | D:4      | Killed Kae's ghost
  4703 | D:4      | Reached skill level 5 in Fighting
  4703 | D:4      | Reached skill level 5 in Spellcasting
  4703 | D:4      | Reached skill level 8 in Earth Magic
  4808 | D:5      | Found Xokkef's Armour Shop.
  4866 | D:5      | Found Uwuvao's Book Shop.
  5208 | D:5      | Noticed Ijyb
  5214 | D:5      | Killed Ijyb
  5383 | D:5      | Noticed Blork the orc
  5387 | D:5      | Killed Blork the orc
  5387 | D:5      | Reached XP level 9. HP: 66/66 MP: 18/20
  5824 | D:7      | Reached skill level 9 in Earth Magic
  6541 | D:8      | Got a sparkling pewter ring
  6546 | D:8      | Identified the ring "Sudos" {Ice rElec Str+3} (You found it
                  | on level 8 of the Dungeon)
  6649 | D:8      | Noticed a two-headed ogre
  6657 | D:8      | Killed a two-headed ogre
  6657 | D:8      | Reached skill level 10 in Earth Magic
  6657 | D:8      | Reached XP level 10. HP: 30/75 MP: 16/23
  6970 | D:8      | Found a hazy altar of Hepliaklqana.
  7056 | D:9      | Found Foskom's Antique Armour Shoppe.
  7566 | D:9      | Reached skill level 11 in Earth Magic
  7785 | D:9      | Found a staircase to the Lair.
  7965 | D:9      | Bought a ripped robe for 171 gold pieces
  7965 | D:9      | Bought a warped leather armour for 210 gold pieces
  7976 | D:9      | Identified the +4 robe of Responsibility {+Fly rCorr} (You
                  | bought it in a shop on level 9 of the Dungeon)
  7986 | D:9      | Identified the +2 leather armour of Follow the Leader
                  | {rElec Str+2} (You bought it in a shop on level 9 of the
                  | Dungeon)
  7997 | D:9      | Bought an embroidered robe for 111 gold pieces
  8057 | D:10     | Entered Level 10 of the Dungeon
  8284 | D:10     | Noticed a two-headed ogre
  8291 | D:10     | Killed a two-headed ogre
  8360 | D:10     | Noticed a two-headed ogre
  8367 | D:10     | Killed a two-headed ogre
  8425 | D:10     | Noticed Fannar
  8437 | D:10     | Killed Fannar
  8437 | D:10     | Reached XP level 11. HP: 82/82 MP: 0/26
  9022 | D:11     | Found a white marble altar of Elyvilon.
  9076 | D:11     | Noticed a two-headed ogre
  9080 | D:11     | Killed a two-headed ogre
  9242 | D:11     | Reached skill level 12 in Earth Magic
  9335 | D:11     | You fall into a shaft and drop 2 floors!
  9351 | D:13     | Noticed Sonja
  9356 | D:13     | Killed Sonja
  9364 | D:13     | Killed an unseen horror
  9586 | D:13     | Noticed a two-headed ogre
  9594 | D:13     | Killed a two-headed ogre
  9594 | D:13     | Reached skill level 5 in Dodging
 10245 | D:13     | Reached skill level 13 in Earth Magic
 10299 | D:13     | Noticed a centaur warrior
 10302 | D:13     | Killed a centaur warrior
 10307 | D:13     | Noticed Urug
 10331 | D:13     | Reached XP level 12. HP: 46/90 MP: 15/29
 10468 | D:13     | Killed Urug
 10474 | D:13     | Noticed Rupert
 10698 | D:13     | Identified the +3 chain mail "Ceoqog" {-Tele rPois rF++
                  | SInv}
 10700 | D:13     | Learned a level 4 spell: Petrify
 10701 | D:13     | Found a gate to the Vaults.
 11097 | D:13     | Paralysed by Rupert for 2 turns
 11108 | D:13     | Paralysed by Rupert for 6 turns
 11115 | D:13     | Killed Rupert
 11516 | D:12     | Found a snail-covered altar of Cheibriados.
 11517 | D:12     | Found Cheibriados's Comfort Zone.
 11527 | D:12     | Reached skill level 14 in Earth Magic
 11659 | D:11     | Found a staircase to the Orcish Mines.
 12519 | D:12     | Noticed a death knight
 12523 | D:12     | Killed a death knight
 12828 | D:14     | Reached skill level 10 in Spellcasting
 12828 | D:14     | Reached XP level 13. HP: 94/94 MP: 30/31
 12833 | D:14     | Mangled by a meliai simulacrum

Levels and vault maps discovered:
D:1:      ncdulo_lavacross, layout_basic
D:2:      layout_basic, first_ration, uniq_terence
D:3:      layout_rooms, tgw_kikubaaqudgha, uniq_purgy
D:4:      layout_cave_pools, temple_doors_cd, gammafunk_ghost_arena,
          uniq_sigmund, uniq_menkaure, uniq_edmund
D:5:      layout_basic, serial_shops, nicolae_shop_statue_plus, shop,
          goddamned_bats, uniq_blork_the_orc, uniq_ijyb
D:6:      layout_basic, minmay_between
D:7:      layout_basic, kennysheep_doodads
D:8:      layout_cave_pools, kennysheep_mini
D:9:      layout_long_grid, due_lair_maze_entry_diamond, serial_shops, shop,
          david_nohive_1
D:10:     layout_basic, uniq_fannar
D:11:     layout_basic, david_orc_2, basic_altar, minivault_25_ag,
          kennysheep_dice
D:12:     layout_loops_cross, minmay_shop_chei
D:13:     layout_long_grid, david_vaults_3, grunt_ministairs_4,
          hangedman_decor_slide_cut, uniq_sonja
D:14:     layout_gridville, serial_bayou_shore_b, minmay_statue_crystal_thing

Skill      XL: |  1  2  3  4  5  6  7  8  9 10 11 12 |
---------------+-------------------------------------+-----
Earth Magic    | 3 4 5 7 8 10 11 13 14 | 14.6
Spellcasting   | 2 3 4 5 6 7 8 10 | 10.0
Fighting       | 1 2 3 4 5 6 7 |  7.4
Dodging        | 3 5 7 |  7.8
Stealth        | |  1.7
Transmutations | |  0.8

Action                   |  1- 3 |  4- 6 |  7- 9 | 10-12 | 13-15 || total
-------------------------+-------+-------+-------+-------+-------++-------
Melee: Unarmed           |    36 |       |       |       |       ||    36
       Mace              |    53 |     1 |       |       |       ||    54
       Whip              |       |    28 |   100 |    34 |       ||   162
       Spear             |       |       |       |   141 |       ||   141
Throw: Stone             |       |       |       |     2 |       ||     2
 Cast: Sandblast         |    38 |    40 |   154 |   204 |       ||   436
       Lee's Rapid Decon |       |       |     3 |    98 |     6 ||   107
       Stone Arrow       |       |       |       |    19 |       ||    19
       Petrify           |       |       |       |     2 |       ||     2
Evoke: Wand              |       |     5 |    18 |    18 |       ||    41
  Use: Potion            |       |     2 |     3 |     4 |       ||     9
       Scroll            |       |       |     7 |    13 |       ||    20
 Stab: Sleeping          |     5 |     2 |     3 |       |       ||    10
       Distracted        |       |       |     1 |       |       ||     1
  Eat: Chunk             |     2 |     4 |    13 |    26 |       ||    45
       Ration            |       |       |       |     2 |       ||     2
Armor: Robe              |    39 |     8 |    17 |       |       ||    64
       Troll leather arm |       |       |    51 |   109 |       ||   160
Dodge: Dodged            |    97 |    49 |   125 |   271 |       ||   542

Table legend:
 A = Non-vault XP
 B = Vault XP
 C = Vault XP percentage of total XP
 D = Non-vault monster count
 E = Vault monster count
 F = Vault count percentage of total count
                 A         B        C        D         E       F
            +---------+---------+-------+---------+---------+-------
      Total |   31672 |   15412 |  32.7 |     303 |      94 |  23.7
            +---------+---------+-------+---------+---------+-------
        D:1 |      62 |       0 |   0.0 |      35 |       0 |   0.0
        D:2 |      39 |      36 |  48.0 |       9 |       1 |  10.0
        D:3 |     262 |     132 |  33.5 |      20 |       1 |   4.8
        D:4 |     259 |    1261 |  83.0 |      11 |       6 |  35.3
        D:5 |     354 |     302 |  46.0 |      14 |      22 |  61.1
        D:6 |     510 |     249 |  32.8 |      15 |       4 |  21.1
        D:7 |    1374 |       0 |   0.0 |      25 |       0 |   0.0
        D:8 |    2132 |       0 |   0.0 |      29 |       0 |   0.0
        D:9 |    1283 |    2238 |  63.6 |      23 |      25 |  52.1
       D:10 |    2520 |    1007 |  28.6 |      21 |       1 |   4.5
       D:11 |    4110 |      26 |   0.6 |      25 |       9 |  26.5
       D:12 |    9231 |       0 |   0.0 |      42 |       0 |   0.0
       D:13 |    7187 |   10161 |  58.6 |      29 |      25 |  46.3
       D:14 |    2349 |       0 |   0.0 |       5 |       0 |   0.0
            +---------+---------+-------+---------+---------+-------
